 Seeded DCSS version 0.30-a0-956-gcec3b41aec (webtiles) character file.

Game seed: 3125986916090331667 (custom seed)

12501 Parcival the Protected (level 11, -6/104 HPs)
             Began as a Minotaur Fighter on Mar 29, 2023.
             Was a Priest of Makhleb.
             Mangled by Jorgrun
             ... wielding a +0 heavy quarterstaff
              (14 damage)
             ... on level 1 of the Orcish Mines.
             The game lasted 00:16:29 (8284 turns).

Parcival the Protected (Minotaur Fighter)           Turns: 8284, Time: 00:16:30

Health: -6/104     AC: 19    Str: 38    XL:     11   Next: 63%
Magic:  0/10       EV:  3    Int:  5    God:    Makhleb [***...]
Gold:   711        SH:  0    Dex: 11    Spells: 10/10 levels left

rFire   . . .      SeeInvis .    c - +5 woodcutter's axe {ꉣꋫꐇ꒒ ꃃꐇꁹꐟꋫꁹ}
rCold   + + +      Faith    .    (shield currently unavailable)
rNeg    . . .      Spirit   +    w - +1 chain mail of Supple Strength {Harm Str+3}
rPois   +          Reflect  .    (helmet restricted)
rElec   .          Rampage  .    s - +1 cloak
rCorr   .          Harm     + .  i - +2 pair of gloves of the Final Coins {rC+ Dex+2}
Will    +....                    (no boots) Stlth
                                 v - amulet of guardian spirit
HPRegen 0.37/turn                e - ring of the Solstice {Fly rPois rC++ Will+ Str+3}
MPRegen 0.12/turn                f - +6 ring of strength

@: mighty, petrifying (expiring), grasped by roots, flying, constricted, very
slow
A: horns 2, retaliatory headbutt
a: Renounce Religion, Minor Destruction, Lesser Servant of Makhleb


You were on level 1 of the Orcish Mines.
You worshipped Makhleb.
Makhleb was most pleased with you.
You visited 3 branches of the dungeon, and saw 11 of its levels.

You collected 711 gold pieces.

Inventory:

Hand Weapons
 a - a +1 war axe of flaming
 c - the +5 woodcutter's axe (weapon) {ꉣꋫꐇ꒒ ꃃꐇꁹꐟꋫꁹ}
   (You acquired it on level 4 of the Dungeon)
 u - a +2 vampiric trident
 D - a +4 quarterstaff of chaos
 E - a +0 hammer
Missiles
 H - 4 boomerangs of dispersal (quivered)
Armour
 b - a +0 scale mail
 i - the +2 pair of gloves of the Final Coins (worn) {rC+ Dex+2}
   (You acquired it on level 2 of the Dungeon)

   Dex:       It affects your dexterity (+2).
   rC:        It protects you from cold.
 s - a +1 cloak (worn)
 w - the +1 chain mail of Supple Strength (worn) {Harm Str+3}
   (You found it on level 3 of the Dungeon)

   Str:       It affects your strength (+3).
   Harm:      It increases damage dealt and taken.
Jewellery
 e - the ring of the Solstice (left hand) {Fly rPois rC++ Will+ Str+3}
   (You acquired it on level 1 of the Dungeon)

   [ring of willpower]

   Str:       It affects your strength (+3).
   rC:        It greatly protects you from cold.
   rPois:     It protects you from poison.
   Fly:       It grants you flight.
   Will:      It increases your willpower.
 f - a +6 ring of strength (right hand)
 j - an amulet of magic regeneration
 m - an amulet of reflection
 o - a ring of wizardry
 v - an amulet of guardian spirit (around neck)
 y - a ring of magical power
 I - a +6 ring of dexterity
Wands
 p - a wand of flame (20)
Scrolls
 h - 3 scrolls of teleportation
 r - 2 scrolls of enchant weapon
 B - a scroll of brand weapon
 G - a scroll of poison
Potions
 d - a potion of might
 g - a potion of heal wounds
 k - a potion of resistance
 l - a potion of lignification
 n - 3 potions of degeneration
 q - 2 potions of curing
 t - a potion of brilliance
 x - a potion of cancellation
 z - a potion of ambrosia
 A - 2 potions of attraction {unknown}
 C - 2 potions of haste {unknown}
Miscellaneous
 F - a condenser vane


   Skills:
 + Level 12.1 Fighting
 + Level 12.6 Axes
 + Level 12.7 Armour
 + Level 5.8 Dodging
 + Level 2.5 Stealth
 + Level 4.8 Shields


You had 10 spell levels left.
You didn't know any spells.
Your spell library contained the following spells:

 Spells                   Type           Power      Damage    Failure   Level
 Sandblast                Erth           0%         2d4       82%         1
 Summon Small Mammal      Summ           0%         N/A       82%         1
 Ensorcelled Hibernation  Hex/Ice        0%         N/A       91%         2
 Passwall                 Tmut/Erth      0%         N/A       91%         2
 Sublimation of Blood     Necr           0%         N/A       91%         2
 Call Canine Familiar     Summ           0%         N/A       99%         3
 Inner Flame              Hex/Fire       0%         N/A       99%         3
 Portal Projectile        Hex/Tloc       0%         N/A       99%         3
 Stone Arrow              Conj/Erth      0%         3d7       99%         3
 Summon Guardian Golem    Hex/Summ       0%         N/A       99%         3
 Swiftness                Air            0%         N/A       99%         3
 Flame Wave               Conj/Fire      0%         2d4       100%        4
 Leda's Liquefaction      Hex/Erth       0%         N/A       100%        4
 Petrify                  Tmut/Erth      0%         N/A       100%        4
 Sticky Flame             Conj/Fire      0%         2d3       100%        4
 Irradiate                Conj/Tmut      0%         3d11      100%        5


Dungeon Overview and Level Annotations

Branches:
Dungeon (9/15)             Temple (1/1) D:5             Orc (1/2) D:9
   Lair: D:8-11

Altars:
Ashenzari
Cheibriados
Dithmenos
Elyvilon
Fedhas
Gozag
Hepliaklqana
Kikubaaqudgha
Makhleb
Nemelex Xobeh
Okawaru
Qazlal
Ru
Sif Muna
Trog
Uskayaw
Vehumet
Wu Jian
Xom
Yredelemnul
Zin
The Shining One

Shops:
D:3 :   D:5 (**?   D:7 :   Orc:1 :

Annotations:
Orc:1 Jorgrun


Innate Abilities, Weirdness & Mutations

You have a pair of horns on your head.
You reflexively headbutt those who attack you in melee.


Message History

The grasping roots constrict you!
The gnoll hits you from afar with a +0 halberd!
The orc wizard mumbles some strange words.
The orc wizard flickers and vanishes!
Deactivating autopickup; reactivate with Ctrl-A.
You closely miss the orc warrior. You closely miss Jorgrun.
The orc warrior hits you with a +0 battleaxe!
The gnoll hits you from afar with a +0 halberd.
The roots grasp on you weakens, but your attempt to escape fails.
Jorgrun casts a spell at you. You resist with some effort.
The grasping roots constrict you. The gnoll hits you but does no damage.
The orc warrior hits you but does no damage.
Unknown command.
You slice the orc warrior like a ripe choko!!!
You kill the orc warrior!
Makhleb accepts your kill.
You feel better.
You completely miss the orc warrior. You slice Jorgrun!!
Jorgrun points at you and mumbles some strange words.
You are slowing down.
The grasping roots constrict you. The gnoll hits you but does no damage.
The orc warrior hits you with a +0 war axe!
* * * LOW HITPOINT WARNING * * *
You slash the warg! Your headbutt misses the warg.
The warg is severely wounded.
You hit Jorgrun. You closely miss the orc warrior. The warg bites you!
* * * LOW HITPOINT WARNING * * *
Jorgrun casts a spell at you. You resist with some effort.
The grasping roots constrict you!
* * * LOW HITPOINT WARNING * * *
The gnoll hits you from afar with a +0 halberd.
* * * LOW HITPOINT WARNING * * *
The orc warrior hits you with a +0 war axe!
* * * LOW HITPOINT WARNING * * *
Your limbs are stiffening.
The roots grasp on you weakens, but your attempt to escape fails.
The warg bites you.
* * * LOW HITPOINT WARNING * * *
Jorgrun hits you with a +0 heavy quarterstaff!!
You die...

#..........###.#.##.....##
##...#.....#......#......#
##.####..........#.....##
### ##..#..[..........#
#.................#
###...))...>........#
##.#.....#..........##
#......###...........
##.#.)@.#.......... #
##gho...........
#g{o.#..#.$#...
.....#......##.
............#
.....#..#.....#
#............## .........
..##


You could see Jorgrun, a warg, 2 orc warriors and a gnoll.

Vanquished Creatures
  2 orc warlords (Orc:1)
  An ogre mage (D:8)
  A two-headed ogre (D:9)
  A deep elf archer (Orc:1)
  A deep elf pyromancer (Orc:1)
  3 deep elf zephyrmancers (Orc:1)
  An orc sorcerer (Orc:1)
  5 trolls
  2 wraiths
  A wyvern (D:8)
  2 steam dragons (D:7)
  4 water moccasins
  13 orc warriors
  2 ice beasts
  4 ogres
  A sky beast (D:6)
  3 black bears
  4 centaurs
  3 kobold brigands
  3 bullfrogs
  2 gnoll sergeants (D:9)
  6 scorpions
  5 wights (D:8)
  5 killer bees (D:8)
  A howler monkey (D:9)
  A hound (D:6)
  5 jellies
  A gnoll bouda (Orc:1)
  6 orc priests
  Crazy Yiuf (D:7)
  4 iguanas
  A sleepcap (D:4)
  Natasha (thrice) (D:2)
  13 orc wizards
  12 gnolls
  7 adders
  3 white imps (D:6)
  A worm (D:2)
  2 dart slugs
  41 orcs
  7 endoplasms
  2 giant cockroaches
  5 hobgoblins
  4 jackals (D:4)
  18 kobolds
  4 quokkas
  9 ball pythons
  4 bats
  2 frilled lizards
  9 goblins
  4 rats
  A bush (D:3)
246 creatures vanquished.

Vanquished Creatures (others)
  2 orcs
2 creatures vanquished.

Grand Total: 248 creatures vanquished

Notes
Turn   | Place    | Note
-------+----------+-------------------------------------------
     0 | D:1      | Parcival the Minotaur Fighter began the quest for the Orb.
     0 | D:1      | Reached XP level 1. HP: 19/19 MP: 0/0
    20 | D:1      | Identified a scroll of acquirement
    20 | D:1      | Acquired the ring of the Solstice {Fly rPois rC++ Will+
                  | Str+3}
   218 | D:1      | Reached XP level 2. HP: 27/27 MP: 1/1
   601 | D:1      | Reached XP level 3. HP: 29/33 MP: 2/2
   948 | D:2      | Reached skill level 1 in Dodging
   974 | D:2      | Noticed Natasha
   980 | D:2      | Killed Natasha
   981 | D:2      | Reached XP level 4. HP: 41/41 MP: 3/3
  1321 | D:2      | Noticed Natasha
  1329 | D:2      | Killed Natasha
  1394 | D:2      | Noticed Natasha
  1400 | D:2      | Killed Natasha
  1401 | D:2      | Reached XP level 5. HP: 26/47 MP: 4/4
  1533 | D:2      | Acquired the +2 pair of gloves of the Final Coins {rC+
                  | Dex+2}
  1610 | D:3      | Found an iron altar of Okawaru.
  2035 | D:3      | Identified the +1 chain mail of Supple Strength {Harm
                  | Str+3}
  2053 | D:3      | Found Digoh's Book Boutique.
  2416 | D:4      | Noticed a water moccasin
  2423 | D:4      | Killed a water moccasin
  2424 | D:4      | Reached skill level 5 in Fighting
  2424 | D:4      | Reached XP level 6. HP: 49/56 MP: 5/5
  2425 | D:4      | Found a hazy altar of Hepliaklqana.
  2528 | D:4      | Reached skill level 5 in Axes
  2604 | D:4      | Reached skill level 5 in Armour
  2605 | D:4      | Acquired the +5 woodcutter's axe
  2605 | D:4      | Found the +5 woodcutter's axe
  2701 | D:4      | Reached XP level 7. HP: 35/61 MP: 6/6
  3031 | D:5      | Entered Level 5 of the Dungeon
  3038 | D:5      | Found Kuxiet's Assorted Antiques.
  3040 | D:5      | Found Tuexan's Magic Scroll Boutique.
  3048 | D:5      | Found Istewn's Weapon Boutique.
  3136 | D:5      | Found Keelodoj's General Store.
  3177 | D:5      | Reached skill level 1 in Stealth
  3199 | D:5      | Reached XP level 8. HP: 70/70 MP: 7/7
  3293 | D:5      | Found a staircase to the Ecumenical Temple.
  3500 | Temple   | Entered the Ecumenical Temple
  3567 | Temple   | Became a worshipper of Makhleb the Destroyer
  3697 | D:6      | Found an ornate altar of the Wu Jian Council.
  3943 | D:6      | Reached XP level 9. HP: 79/79 MP: 8/8
  4092 | D:6      | Reached * piety under Makhleb
  4158 | D:6      | Noticed a troll
  4163 | D:6      | Killed a troll
  4611 | D:7      | Reached skill level 10 in Axes
  4681 | D:7      | Found Jauttyss's Tremendous Tomes.
  4815 | D:7      | Found a runed translucent door.
  4816 | D:7      | Noticed Crazy Yiuf
  5374 | D:7      | Killed Crazy Yiuf
  5434 | D:8      | Reached ** piety under Makhleb
  5491 | D:8      | Found a transporter.
  5499 | D:8      | Noticed an ogre mage
  5500 | D:8      | Found a transporter.
  5702 | D:8      | Found a sparkling altar of Nemelex Xobeh.
  5826 | D:8      | Reached XP level 10. HP: 60/85 MP: 4/9
  5977 | D:8      | Found a large runed translucent door.
  5981 | D:8      | Found a large runed translucent door.
  6224 | D:8      | Found a glowing golden altar of the Shining One.
  6281 | D:8      | Found a shadowy altar of Dithmenos.
  6311 | D:8      | Found a shimmering altar of Xom.
  6382 | D:8      | Killed an ogre mage
  6400 | D:8      | Reached skill level 10 in Armour
  6693 | D:9      | Found a staircase to the Orcish Mines.
  6702 | D:9      | Reached skill level 10 in Fighting
  6778 | D:9      | Noticed a two-headed ogre
  6784 | D:9      | Killed a two-headed ogre
  6910 | D:9      | Reached *** piety under Makhleb
  7257 | Orc:1    | Entered Level 1 of the Orcish Mines
  7330 | Orc:1    | Reached skill level 5 in Dodging
  7404 | Orc:1    | Noticed a deep elf zephyrmancer
  7407 | Orc:1    | Noticed a deep elf zephyrmancer
  7409 | Orc:1    | Noticed a deep elf pyromancer
  7409 | Orc:1    | Noticed a deep elf archer
  7411 | Orc:1    | Killed a deep elf zephyrmancer
  7416 | Orc:1    | Identified the +0 chain mail of Teic {Rampage rN+ Int-5}
  7417 | Orc:1    | Killed a deep elf zephyrmancer
  7418 | Orc:1    | Reached XP level 11. HP: 101/101 MP: 10/10
  7420 | Orc:1    | Killed a deep elf pyromancer
  7427 | Orc:1    | Killed a deep elf archer
  7432 | Orc:1    | Noticed an orc warlord
  7436 | Orc:1    | Identified the +4 chain mail of Understanding {+Inv rC+}
  7438 | Orc:1    | Noticed an orc warlord
  7439 | Orc:1    | Noticed a deep elf zephyrmancer
  7439 | Orc:1    | Noticed an orc sorcerer
  7445 | Orc:1    | Noticed an orc sorcerer
  7445 | Orc:1    | Noticed an orc high priest
  7810 | Orc:1    | Noticed an orc sorcerer
  7812 | Orc:1    | Noticed an orc warlord
  7813 | Orc:1    | Found a shimmering altar of Xom.
  7816 | Orc:1    | Killed an orc sorcerer
  7823 | Orc:1    | Killed an orc warlord
  7861 | Orc:1    | Killed a deep elf zephyrmancer
  8209 | Orc:1    | Found Zeerph's Book Shop.
  8270 | Orc:1    | Noticed Jorgrun
  8270 | Orc:1    | Noticed an orc warlord
  8278 | Orc:1    | Killed an orc warlord
  8284 | Orc:1    | Mangled by Jorgrun

Illustrated notes

Levels and vault maps discovered:
D:1:      amcnicky_arrival_single_pillar, layout_loops_cross,
          hangedman_glass_garden
D:2:      layout_loops_ring, dk_vineyard_1, uniq_natasha
D:3:      layout_basic, mainiacjoe_overflow_catwalk, serial_forest,
          infiniplex_forest_zigzag_1, infiniplex_forest_split,
          infiniplex_forest_end_double, infiniplex_forest_lined_room_,
          infiniplex_forest_corner_1, infiniplex_forest_lined_room_2,
          serial_shops, nicolae_shop_hallway_stairs
D:4:      layout_basic, old_standard_altar
D:5:      layout_rooms, minmay_temple_entry_drinking_statues,
          minmay_shop_grid_forest
D:6:      layout_rooms, lemuel_tele_altar, minmay_microvault
D:7:      layout_basic, minmay_misc_feat_hallway, nicolae_shop_i_like_big_books,
          chequers_serial_rivers_large_a, uniq_crazy_yiuf_cottage
D:8:      gammafunk_beogh_shrine, layout_basic,
          mainiacjoe_overflow_six_doors_small, jmf_multi_god_temple2,
          kennysheep_little_box, serial_curves, eino_curves_01, eino_curves_02
D:9:      layout_roguey, orc_0_dummy
Temple:   hellmonk_temple_of_storms
Orc:1:    layout_caves, serial_shops, nicolae_square_shop, lemuel_statue_altar,
          elf_legates, uniq_jorgrun

Skill      XL: |  1  2  3  4  5  6  7  8  9 10 11 |
---------------+----------------------------------+-----
Fighting       | 4 5 6 7 9 10 12 | 12.1
Armour         | 4 5 6 7 9 11 12 | 12.7
Shields        | 4 |  4.8
Axes           | 3 4 6 7 9 10 11 12 | 12.6
Dodging        | 1 2 3 4 5 |  5.8
Stealth        | 1 2 |  2.5

Action                     |  1- 3 |  4- 6 |  7- 9 | 10-12 || total
---------------------------+-------+-------+-------+-------++-------
  Melee: War axe           |    58 |    76 |       |       ||   134
         Headbutt          |     6 |    16 |    16 |    14 ||    52
         Battleaxe         |       |    11 |   139 |   123 ||   273
    Use: Scroll            |     3 |    10 |     8 |     3 ||    24
         Potion            |       |       |       |     4 ||     4
 Armour: Scale mail        |    30 |    20 |       |       ||    50
         Chain mail        |       |    24 |   128 |    83 ||   235
  Dodge: Dodged            |    35 |    30 |    93 |    91 ||   249
  Block: Buckler           |    19 |    13 |       |       ||    32

Table legend: (Time is in decaauts)
 A = Elapsed time spent in this place.
 B = Non-inter-level travel time spent in this place.
 C = Inter-level travel time spent in this place.
 D = Time resting spent in this place.
 E = Time spent auto-exploring this place.
 F = Levels seen in this place.
 G = Mean time per level.
                   A        B        C        D        E       F      G
               +--------+--------+--------+--------+--------+-----+--------+
         Total |   8331 |   7997 |    334 |    487 |   5764 |  11 |  757.4 |
       Dungeon |   7222 |   6919 |    303 |    130 |   5223 |   9 |  802.4 |
        Temple |     82 |     51 |     31 |      0 |     22 |   1 |   82.0 |
  Orcish Mines |   1026 |   1026 |      0 |    357 |    519 |   1 | 1026.0 |
               +--------+--------+--------+--------+--------+-----+--------+

Top non-repeatable levels by time:
     D:8: 1168 daAuts
     D:7: 1064 daAuts
   Orc:1: 1026 daAuts
     D:2: 899 daAuts
     D:3: 745 daAuts
     D:4: 739 daAuts
     D:6: 723 daAuts
     D:1: 694 daAuts
     D:9: 671 daAuts
     D:5: 514 daAuts
  Temple: 82 daAuts
